 Dungeon Sprint DCSS version 0.24-a0-537-g2d01d4a (webtiles) character file.

Game seed: 8308136304712059780

431 silentkaos13 the Nimble (level 7, -3/47 HPs)
             Began as a Kobold Gladiator on Aug 13, 2019.
             Was an Initiate of Okawaru.
             Slain by a slime creature (9 damage)
             ... in the Dungeon (Sprint I: "Red Sonja").
             The game lasted 00:01:53 (506 turns).

silentkaos13 the Nimble (Kobold Gladiator)           Turns: 506, Time: 00:01:53

Health: -3/47      AC:  9    Str: 14    XL:     7   Next: 20%
Magic:  7/7        EV: 13    Int: 12    God:    Okawaru [......]
Gold:   50         SH:  0    Dex: 16    Spells: 6/6 levels left

rFire    . . .     SeeInvis .   a - +0 flail
rCold    . . .     Gourm    .   (shield restricted)
rNeg     . . .     Faith    .   l - +0 chain mail {rPois}
rPois    +         Spirit   .   g - +0 helmet {Int+3}
rElec    .         Reflect  .   (no cloak)
rCorr    .         Harm     .   (no gloves)
MR       .....     NoTele   +   (no boots)
Stlth    ..........             (no amulet)
HPRegen  0.15/turn              (no ring)
MPRegen  0.10/turn              (no ring)

@: no status effects
A: small, carnivore
a: Renounce Religion


You were in the Dungeon.
You worshipped Okawaru.
Okawaru was noncommittal.
You were very full.

You visited 1 branch You collected 334 gold pieces.
You spent 284 gold pieces at shops.

Inventory:

Hand Weapons
 a - a +0 flail (weapon)
Missiles
 d - a throwing net (quivered)
Armour
 b - a +0 leather armour
 c - a +0 helmet
 g - a +0 helmet of intelligence (worn)
 l - a +0 chain mail of poison resistance (worn)
Scrolls
 k - a scroll of blinking
Potions
 e - a potion of curing
 h - a potion of haste
 i - 2 potions of magic
 j - a potion of berserk rage
Comestibles
 f - a ration


   Skills:
 + Level 6.4 Fighting
 + Level 9.4 Maces & Flails
 + Level 5.1 Throwing
 + Level 1.3 Armour
 + Level 9.6 Dodging
 + Level 2.2 Stealth


You had 6 spell levels left.
You didn't know any spells.
Your spell library was empty.

Dungeon Overview and Level Annotations

Branches:
Dungeon (1/1)

Altars:
Cheibriados
Dithmenos
Elyvilon
Fedhas
Gozag
Hepliaklqana
Kikubaaqudgha
Makhleb
Nemelex Xobeh
Okawaru
Qazlal
Ru
Sif Muna
Trog
Uskayaw
Vehumet
Wu Jian
Xom
Yredelemnul
Zin
The Shining One
Jiyva
Lugonu

Shops:
D [


Innate Abilities, Weirdness & Mutations

You are small and have problems with some larger weapons.
You are carnivorous and can eat meat at any time.


Message History

Your chain mail prevents you from hitting the slime creature.
The slime creature is severely wounded.
The slime creature hits you!
* * * LOW HITPOINT WARNING * * *
You hit the slime creature.
The slime creature is severely wounded.
The slime creature barely misses you.
You sock the slime creature!
The slime creature is severely wounded.
The slime creature hits you but does no damage.
You sock the slime creature!
The slime creature is almost dead.
The slime creature hits you.
* * * LOW HITPOINT WARNING * * *
You hit the slime creature but do no damage.
The slime creature is almost dead.
You hit the slime creature.
The slime creature is almost dead.
The slime creature hits you!
You die...

###################
#<.#..').#..'..#__#
#..').#..').#..@J.+
#..#####'#####'#__#
#..####..#...#.####
#..#__####..##.#
#..#_____##'#_.+
#⌠⌠#_.∩...'..._#
####_..__##_.#'#
#_____###+#.#
####### ###


You could see a slime creature.

Vanquished Creatures
  Sigmund (D)
  A yak (D)
  An ogre (D)
  A jelly (D)
  Ijyb (D)
5 creatures vanquished.

Vanquished Creatures (others)
  A gargoyle (D)
1 creature vanquished.

Grand Total: 6 creatures vanquished

Notes
Turn   | Place    | Note
-------+----------+-------------------------------------------
     0 | D        | silentkaos13 the Kobold Gladiator began the quest for the
                  | Orb.
     0 | D        | Reached XP level 1. HP: 12/12 MP: 1/1
     1 | D        | Noticed Ijyb
     9 | D        | Killed Ijyb
     9 | D        | Reached skill level 5 in Dodging
     9 | D        | Reached XP level 2. HP: 18/19 MP: 2/2
     9 | D        | Reached XP level 3. HP: 21/23 MP: 3/3
    26 | D        | Noticed an ogre
    34 | D        | Killed an ogre
    34 | D        | Reached XP level 4. HP: 30/30 MP: 4/4
    34 | D        | Reached XP level 5. HP: 34/34 MP: 5/5
   155 | D        | Noticed Sigmund
   180 | D        | Killed Sigmund
   180 | D        | Reached skill level 5 in Fighting
   180 | D        | Reached skill level 1 in Stealth
   180 | D        | Reached XP level 6. HP: 41/41 MP: 6/6
   296 | D        | Found an ornate altar of the Wu Jian Council.
   296 | D        | Found a shimmering blue altar of Sif Muna.
   298 | D        | Found a radiant altar of Vehumet.
   303 | D        | HP: 1/41 [acid (10)]
   442 | D        | Found Zaydinae's Antique Armour Emporium.
   442 | D        | Found an ancient bone altar of Kikubaaqudgha.
   442 | D        | Found a hazy altar of Hepliaklqana.
   442 | D        | Found a stormy altar of Qazlal.
   442 | D        | Found a hide-covered altar of Uskayaw.
   442 | D        | Found a blossoming altar of Fedhas.
   442 | D        | Found a bloodstained altar of Trog.
   442 | D        | Found an iron altar of Okawaru.
   442 | D        | Found a basalt altar of Yredelemnul.
   442 | D        | Found a glowing golden altar of the Shining One.
   442 | D        | Found a snail-covered altar of Cheibriados.
   442 | D        | Found a sacrificial altar of Ru.
   442 | D        | Found a glowing silver altar of Zin.
   442 | D        | Found a shadowy altar of Dithmenos.
   442 | D        | Found a white marble altar of Elyvilon.
   442 | D        | Noticed a yak
   447 | D        | Killed a yak
   447 | D        | Reached skill level 5 in Throwing
   447 | D        | Reached skill level 1 in Armour
   447 | D        | Reached XP level 7. HP: 47/47 MP: 7/7
   448 | D        | Found an opulent altar of Gozag.
   449 | D        | Found a sparkling altar of Nemelex Xobeh.
   453 | D        | Bought a glowing helmet for 142 gold pieces
   453 | D        | Bought a runed chain mail for 142 gold pieces
   454 | D        | Killed a gargoyle
   474 | D        | Became a worshipper of Warmaster Okawaru
   488 | D        | Found a burning altar of Makhleb.
   488 | D        | Found a viscous altar of Jiyva.
   488 | D        | Found a shimmering altar of Xom.
   488 | D        | Found a corrupted altar of Lugonu.
   488 | D        | Noticed a slime creature
   506 | D        | Slain by a slime creature

Levels and vault maps discovered:
D:        dungeon_sprint_1 [red_sonja_temple_1, red_sonja_temple_small_1]

Skill      XL: |  1  2  3  4  5  6 |
---------------+-------------------+-----
Fighting       | 3 4 5 6 |  6.4
Maces & Flails | 4 6 8 9 |  9.4
Dodging        | 5 7 8 9 |  9.6
Throwing       | 3 4 5 |  5.1
Stealth        | 1 2 |  2.2
Armour         | 1 |  1.3

Action                   |  1- 3 |  4- 6 |  7- 9 || total
-------------------------+-------+-------+-------++-------
Melee: Flail             |    13 |    25 |    17 ||    55
Throw: Throwing net      |     1 |     2 |       ||     3
  Use: Potion            |       |     1 |       ||     1
 Stab: Held in net/web   |       |     1 |       ||     1
  Eat: Chunk             |     1 |     5 |       ||     6
Armor: Leather armour    |     1 |     1 |       ||     2
       Chain mail        |       |       |     3 ||     3
Dodge: Dodged            |     7 |    21 |     6 ||    34

Table legend:
 A = Non-vault XP
 B = Vault XP
 C = Vault XP percentage of total XP
 D = Non-vault monster count
 E = Vault monster count
 F = Vault count percentage of total count
                 A         B        C        D         E       F
            +---------+---------+-------+---------+---------+-------
      Total |       0 |     617 | 100.0 |       0 |       5 | 100.0
            +---------+---------+-------+---------+---------+-------
          D |       0 |     617 | 100.0 |       0 |       5 | 100.0
            +---------+---------+-------+---------+---------+-------
